 Dungeon Crawl Stone Soup version 0.20.0-15-g7f486f2 (webtiles) character file.

23 Dickchan the Sneak (level 2, -2/19 HPs)
             Began as a Vampire Enchanter on July 1, 2017.
             Shot with a stone by a goblin (6 damage)
             ... led by Robin
             ... on level 2 of the Dungeon.
             The game lasted 00:01:27 (874 turns).

Dickchan the Sneak (Vampire Enchanter)               Turns: 874, Time: 00:01:27

Health: -2/19      AC:  3    Str:  7    XL:     2   Next: 72%
Magic:  1/5        EV: 12    Int: 17    God:
Gold:   13         SH:  0    Dex: 14    Spells: 2/5 levels left

rFire    . . .     SeeInvis +   a - +1 dagger
rCold    . . .     Gourm    .   (no shield)
rNeg     + . .     Faith    .   b - +0 robe
rPois    .         Spirit   .   (no helmet)
rElec    .         Reflect  .   (no cloak)
rCorr    .         Harm     .   (no gloves)
MR       .....                  h - +0 pair of boots
Stlth    +++.......             (no amulet)
Regen    0.1/turn               (no ring)
MPRegen  0.1/turn               (no ring)

@: no status effects
A: fangs 3, see invisible, unbreathing
a: no special abilities


You were on level 2 of the Dungeon.
You were not thirsty.

You visited 1 branch of the dungeon, and saw 2 of its levels.

You collected 13 gold pieces.

Inventory:

Hand Weapons
 a - a +1 dagger (weapon)
Armour
 b - a +0 robe (worn)
 h - a +0 pair of boots (worn)
Scrolls
 f - a scroll of amnesia {unknown}
 g - a scroll of teleportation {unknown}
 j - a scroll of noise {unknown}
Potions
 d - a potion of blood
 e - 2 potions of curing {unknown}
 i - a potion of invisibility {unknown}
Books
 c - a book of Maledictions

   Spells                             Type                      Level
   a - Corona                         Hexes                        1
   b - Ensorcelled Hibernation        Hexes/Ice                    2
   c - Confuse                        Hexes                        3
   d - Tukima's Dance                 Hexes                        3
   e - Dazzling Spray                 Conjuration/Hexes            3


   Skills:
 * Level 2.1 Short Blades
 - Level 2.1 Dodging
 + Level 5.3 Stealth
 - Level 2.0 Spellcasting
 + Level 4.5 Hexes


You had 2 spell levels left.
You knew the following spells:

 Your Spells              Type           Power        Failure   Level  Hunger
a - Ensorcelled Hibernat  Hex/Ice        #.....       12%         2    ###....
b - Corona                Hex            ###....      3%          1    #......


Dungeon Overview and Level Annotations

Branches:
Dungeon (2/15)

Altars:

Annotations:
D:2 Robin


Innate Abilities, Weirdness & Mutations

You have razor-sharp teeth.
You have supernaturally acute eyesight. (SInv)
You can survive without breathing.


Message History

You see here a stone.
Casting: Ensorcelled Hibernation
Confirm with . or Enter, or press ? or * to list all spells.
Aiming: Ensorcelled Hibernation
Press: ? - help, Shift-Dir - straight line, f - hobgoblin
Aim: a hobgoblin, wielding a club (chance to defeat MR: 58%)
The hobgoblin looks drowsy...
The helpless hobgoblin fails to defend itself.
You impale the hobgoblin!!
You kill the hobgoblin!
The goblin shoots a stone.
The stone closely misses you.
The goblin shoots a stone.
The stone hits you but does no damage.
You see here a stone.
The goblin shoots a stone.
The stone misses you.
Found a scroll labeled ZUEHYZXI AHINN.
The goblin shoots a stone.
The stone hits you!
* * * LOW HITPOINT WARNING * * *
You see here a stone.
The goblin shoots a stone.
The stone hits you.
You die...

........ ........ # ........
##+#####.# .....#...?
#........# ...#.#.....
#........# ...#.#.....
#........# ...#.#.....
#รท.......#
.....#.....####.#####.#
.w...+..........@..>#.#######
.#g###......###.#.#<.........
.#[########...(.#.#.#.######
.#..#...###..(..+(....#
.#..#wg.)g(..(..#.#.###
........###.........#
...#....###.#.###'###
............#.#....#
...##...###.#.#(...#


You could see a goblin.

Vanquished Creatures
  A leopard gecko (D:1)
  2 bats (D:2)
  4 giant cockroaches
  3 goblins
  3 hobgoblins (D:2)
  4 frilled lizards
  A kobold (D:1)
  2 rats (D:1)
20 creatures vanquished.

Notes
Turn   | Place    | Note
-------+----------+-------------------------------------------
     0 | D:1      | Dickchan the Vampire Enchanter began the quest for the Orb.
     0 | D:1      | Reached XP level 1. HP: 13/13 MP: 3/3
   195 | D:1      | Reached XP level 2. HP: 19/19 MP: 5/5
   372 | D:1      | Reached skill level 5 in Stealth
   539 | D:2      | Learned a level 2 spell: Ensorcelled Hibernation
   823 | D:2      | Noticed Robin
   874 | D:2      | Shot with a stone by a goblin

Skill      XL: |  1  2 |
---------------+-------+-----
Stealth        | 5 |  5.3
Short Blades   | 2 |  2.1
Dodging        | |  2.1
Spellcasting   | |  2.0
Hexes          | |  4.5

Action                   || total
-------------------------++-------
Melee: Dagger            ||    51
       Bite              ||     4
 Cast: Ensorcelled Hiber ||     4
 Stab: Sleeping          ||    11
  Eat: Corpse            ||     2
Armor: Robe              ||    22
Dodge: Dodged            ||    56
